 Dungeon Crawl Stone Soup version 0.27.1-34-g3ba077fa99 (webtiles) character file.

Game seed: 4636386191816442300

1822 ticklebelly the Cleaver (level 8, -2/115 HPs)
             Began as a Minotaur Berserker on Jan 7, 2022.
             Was a Priest of Trog.
             Succumbed to a killer bee's poison
             ... on level 6 of the Dungeon.
             The game lasted 00:11:25 (6260 turns).

ticklebelly the Cleaver (Minotaur Berserker)        Turns: 6260, Time: 00:11:26

Health: -2/115     AC: 13    Str: 31    XL:     8   Next: 85%
Magic:  7/7        EV:  8    Int:  4    God:    Trog [***...]
Gold:   113        SH:  5    Dex:  9    Spells: 7/7 levels left

rFire    . . .     SeeInvis .   s - +2 broad axe (vorpal)
rCold    . . .     Faith    .   u - +2 buckler
rNeg     + . .     Spirit   .   t - +0 plate armour
rPois    .         Reflect  .   (helmet restricted)
rElec    .         Harm     .   (no cloak)
rCorr    .         Rampage  .   (no gloves)
Will     +++++     Clarity  +   (no boots)
Stlth    ..........             v - amulet of the Four Winds {rN+ Will+++ Clar}
HPRegen  1.29/turn              l - +6 ring of strength
MPRegen  0.10/turn              (no ring)

@: berserking, lethally poisoned (-2 -> -12), strong-willed, regenerating,
studying Slings, very quick
A: horns 2, retaliatory headbutt
a: Renounce Religion, Berserk, Trog's Hand


You were on level 6 of the Dungeon.
You worshipped Trog.
Trog was most pleased with you.
You visited 1 branch of the dungeon, and saw 7 of its levels.

You collected 294 gold pieces.
You spent 181 gold pieces at shops.

Inventory:

Hand Weapons
 o - a +2 mace of venom
 s - a +2 vorpal broad axe (weapon)
Missiles
 n - 4 boomerangs (quivered)
Armour
 h - a +0 chain mail
 t - a +0 plate armour (worn)
 u - a +2 buckler (worn)
Jewellery
 l - a +6 ring of strength (left hand)
 v - the amulet of the Four Winds (around neck) {rN+ Will+++ Clar}
   (You found it on level 6 of the Dungeon)

   [amulet of nothing]

   rN:        It protects you from negative energy.
   Clar:      It protects you against confusion.
   Will:      It greatly increases your willpower.
Scrolls
 a - a scroll of enchant armour {unknown}
 d - 2 scrolls of amnesia {unknown}
 f - 2 scrolls of enchant weapon {unknown}
 g - 3 scrolls of vulnerability {unknown}
 i - a scroll of torment {unknown}
 k - a scroll of holy word {unknown}
 m - a scroll of fog {unknown}
 p - a scroll of magic mapping {unknown}
 q - 3 scrolls of identify {unknown}
 r - a scroll of blinking {unknown}
Potions
 b - a potion of heal wounds {unknown}
 c - 2 potions of berserk rage
 e - 2 potions of curing {unknown}
 j - 2 potions of degeneration {unknown}
 w - a potion of magic {unknown}


   Skills:
 + Level 8.9 Fighting
 + Level 8.9 Axes
 + Level 7.8 Armour
 - Level 2.1 Dodging
 + Level 0.8 Shields


You had 7 spell levels left.
You didn't know any spells.
Your spell library was empty.

Dungeon Overview and Level Annotations

Branches:
Dungeon (7/15)
 Temple: D:4-7

Altars:
Kikubaaqudgha
Ru
Trog
Xom
Yredelemnul

Shops:
D:4 [   D:5 !((!*


Innate Abilities, Weirdness & Mutations

You have a pair of horns on your head.
You reflexively headbutt those who attack you in melee.


Message History

The vampire bites you but does no damage.
The killer bee stings you but does no damage.
The vampire hits you!
* * * LOW HITPOINT WARNING * * *
You block the vampire's attack. The killer bee barely misses you.
You furiously retaliate!
You headbutt the killer bee.
Your skin crawls.
You feel strong-willed.
You feel very sick. The killer bee barely misses you.
You block the vampire's attack.
The vampire bites you but does no damage.
The killer bee closely misses you. You furiously retaliate!
You headbutt the killer bee. You hit the vampire.
You headbutt the vampire, but do no damage.
The vampire is lightly damaged.
You miss the killer bee.
You feel sick. The killer bee stings you.
* * * LOW HITPOINT WARNING * * *
You are more poisoned.
The killer bee poisons you!
The killer bee stings you but does no damage.
The vampire hits you.
* * * LOW HITPOINT WARNING * * *
The vampire bites you but does no damage.
It was a potion of berserk rage.
A red film seems to cover your vision as you go berserk!
You feel yourself moving faster!
You feel mighty!
You feel very sick.
The killer bee stings you but does no damage.
The killer bee stings you.
* * * LOW HITPOINT WARNING * * *
You are lethally poisoned!
The killer bee poisons you! The vampire hits you.
* * * LOW HITPOINT WARNING * * *
The vampire bites you but does no damage.
You are too berserk!
You barely miss the vampire. You headbutt the vampire!
The vampire is heavily damaged.
You closely miss the killer bee.
You die...

........# ........#
...# .#####..# ##..#
.#$#.#..# ...#
##$#.'.##.# ###..#
##$#°#.##.# ....##
##$#.#.##.#.###...##
##$#.#.##.##...y)V.#
##☼#.#.#..# #@..#
##☼#.#.#..# ##..#
##☼#.#....# #..#
##☼#.#....## ##..#
##☼#.#.....#####...#
##☼#.#.............#
.#☼#○#..........#.##
##☼#○#............#
##°#○#..........###


You could see a vampire and a killer bee.

Vanquished Creatures
  Maggie (D:6)
  A water moccasin (D:6)
  An ice beast (D:5)
  A sky beast (D:6)
  An ogre (D:6)
  4 necrophages
  A centaur (D:4)
  A scorpion (D:5)
  A bullfrog zombie (D:5)
  3 hounds
  Crazy Yiuf (D:4)
  A centaur skeleton (D:6)
  An orc priest (D:4)
  A jelly (D:6)
  A bullfrog skeleton (D:2)
  4 iguanas
  2 orc wizards (D:4)
  2 hound zombies (D:4)
  3 gnolls (D:3)
  10 adders
  An ufetubus (D:4)
  An adder skeleton (D:4)
  A worm (D:4)
  A dart slug (D:1)
  10 orcs
  7 bats
  7 endoplasms
  9 giant cockroaches
  10 goblins
  3 hobgoblins
  6 jackals
  8 quokkas
  7 ball pythons
  3 frilled lizards
  7 kobolds
  15 rats
137 creatures vanquished.

Vanquished Creatures (others)
  5 withered plants (D:4)
5 creatures vanquished.

Grand Total: 142 creatures vanquished

Notes
Turn   | Place    | Note
-------+----------+-------------------------------------------
     0 | D:1      | ticklebelly the Minotaur Berserker began the quest for the
                  | Orb.
     0 | D:1      | Reached XP level 1. HP: 19/19 MP: 0/0
   141 | D:1      | Reached XP level 2. HP: 15/27 MP: 1/1
  1029 | D:1      | Reached XP level 3. HP: 34/34 MP: 2/2
  1143 | D:2      | Found a faded altar of an unknown god.
  1268 | D:2      | Reached ** piety under Trog
  1269 | D:2      | Reached skill level 5 in Fighting
  1269 | D:2      | Reached XP level 4. HP: 36/42 MP: 3/3
  1272 | D:2      | Reached skill level 5 in Axes
  1845 | D:2      | Found a shimmering altar of Xom.
  2679 | D:3      | Reached XP level 5. HP: 36/48 MP: 4/4
  2996 | D:3      | Found a sacrificial altar of Ru.
  3155 | D:4      | Found Maqaleps's Armour Shoppe.
  3271 | D:4      | Reached *** piety under Trog
  3289 | D:4      | Reached XP level 6. HP: 42/57 MP: 5/5
  3395 | D:4      | Found an ancient bone altar of Kikubaaqudgha.
  4129 | D:4      | Found a runed translucent door.
  4130 | D:4      | Noticed Crazy Yiuf
  4136 | D:4      | Killed Crazy Yiuf
  4171 | D:4      | Reached XP level 7. HP: 60/64 MP: 6/6
  4281 | D:4      | You fall into a shaft and drop 1 floor!
  4281 | D:5      | Entered Level 5 of the Dungeon
  4301 | D:5      | Reached skill level 5 in Armour
  4414 | D:4      | Found a basalt altar of Yredelemnul.
  4476 | D:5      | Found Qiphecul's Distillery.
  4494 | D:5      | Found Heath's Assorted Antiques.
  4754 | D:5      | Found Hirado's Weapon Emporium.
  4781 | D:5      | Found Eleki's Antique Weapon Boutique.
  4878 | D:5      | Found Bidghos's Distillery.
  4980 | D:5      | Reached XP level 8. HP: 73/73 MP: 7/7
  5160 | D:6      | Found a bloodstained altar of Trog.
  5424 | D:6      | Reached **** piety under Trog
  5561 | D:6      | Noticed Maggie
  5563 | D:6      | Paralysed by Maggie for 5 turns
  5579 | D:6      | Killed Maggie
  5947 | D:4      | Bought a +2 buckler for 181 gold pieces
  6138 | D:6      | Found the amulet of the Four Winds {rN+ Will+++ Clar}
  6259 | D:6      | HP: 4/115 [killer bee (3)]
  6259 | D:6      | HP: 1/115 [vampire (3)]
  6260 | D:6      | Succumbed to a killer bee's poison

Illustrated notes

Levels and vault maps discovered:
D:1:      dpeg_arrival_subterranean_lakeside_camping, layout_basic
D:2:      layout_basic, basic_altar, hellmonk_ecumenical_altar_run_dry,
          roderic_roman_lattice
D:3:      layout_rooms, nicolae_ru_sacrificial_ziggurat
D:4:      minmay_evil_eye, layout_cave_pools, kiku_gazebo_garden_becter,
          lemuel_zombie_altar_yredelemnul, serial_shops,
          nicolae_shop_temple_entry_statues_fountains,
          minmay_misc_feat_more_columns, hangedman_decor_points,
          minmay_manual_monstrance, uniq_crazy_yiuf_cottage
D:5:      layout_loops_ring, serial_shops,
          nicolae_shop_temple_entry_statues_fountains, shop, shop,
          nicolae_shop_trees, shop
D:6:      lemuel_ice_spiral_2, layout_rooms, bloody_trog, st_stairs_13,
          minmay_manual_maat, uniq_maggie
D:7:      layout_layer_cave, minmay_temple_entry_arrows, dk_noncrumbling_4,
          hex_tiny, uniq_menkaure

Skill      XL: |  1  2  3  4  5  6  7  8 |
---------------+-------------------------+-----
Fighting       | 4 5 6 7 8 |  8.9
Axes           | 4 5 6 7 8 |  8.9
Armour         | 3 4 6 7 |  7.8
Dodging        | |  2.1
Shields        | |  0.8

Action                   |  1- 3 |  4- 6 |  7- 9 || total
-------------------------+-------+-------+-------++-------
Melee: Hand axe          |    78 |   166 |       ||   244
       Headbutt          |     7 |    30 |    24 ||    61
       Mace              |       |     5 |    79 ||    84
       Broad axe         |       |       |    16 ||    16
Invok: Berserk           |       |     1 |       ||     1
       Trog's Hand       |       |       |     2 ||     2
  Use: Potion            |       |       |     1 ||     1
 Stab: Sleeping          |     2 |       |       ||     2
Armor: Animal skin       |    15 |     1 |       ||    16
       Chain mail        |       |    78 |    45 ||   123
       Plate armour      |       |       |    13 ||    13
Dodge: Dodged            |    51 |    90 |    48 ||   189
Block: Buckler           |       |       |     5 ||     5
